 Dungeon Sprint DCSS version 0.26.1-11-gd32895ea62 (webtiles) character file.

Game seed: 981734257832681952

6600000 Zeld the Middleweight Champion (level 27, -57/224 HPs)
             Began as an Octopode Gladiator on May 28, 2021.
             Was the Champion of Makhleb.
             Annihilated by a meat berserker
             ... wielding a +9 battleaxe
              (72 damage)
             ... in the Dungeon (Sprint VIII: "Arena of Blood").
             The game lasted 00:01:52 (66 turns).

Zeld the Middleweight Champion (Octopode Gladiator)   Turns: 66, Time: 00:01:53

Health: -57/224    AC:  1    Str: 23    XL:     27
Magic:  28/49      EV: 33    Int: 12    God:    Makhleb [******]
Gold:   0          SH:  0    Dex: 15    Spells: 70/70 levels left

rFire    . . .     SeeInvis .   i - +∞ Axe of Woe
rCold    . . .     Faith    .   (shield currently unavailable)
rNeg     . . .     Spirit   .   a - +0 hat
rPois    .         Reflect  .   (no amulet)
rElec    .         Harm     .   (no ring)
rCorr    .         Rampage  .   (no ring)
Will     ++...     NoTele   +   (no ring)
Stlth    ++++++++++             (no ring)
HPRegen  0.47/turn              (no ring)
MPRegen  0.31/turn              (no ring)
                                (no ring)
                                (no ring)

@: marked
A: almost no armour, stealthy swim, amphibious, 8 rings, constrict 8, camouflage
1, gelatinous body 1
a: Renounce Religion, Minor Destruction, Lesser Servant of Makhleb, Major
Destruction, Greater Servant of Makhleb


You were in the Dungeon.
You worshipped Makhleb.
Makhleb was exalted by your worship.
You visited 1 branch

Inventory:

Hand Weapons
 i - the +∞ Axe of Woe (weapon)
   (You found it in the Dungeon)
Missiles
 b - 3 throwing nets (quivered)
Armour
 a - a +0 hat (worn)
Scrolls
 h - a scroll of blinking
Potions
 c - a potion of curing
 e - a potion of haste
 f - 2 potions of magic
 g - a potion of berserk rage


   Skills:
 O Level 27 Fighting
 + Level 25.0(27) Short Blades
 + Level 24.0(27) Long Blades
 O Level 27 Axes
 + Level 24.0(27) Maces & Flails
 + Level 24.0(27) Polearms
 + Level 24.0(27) Staves
 + Level 24.0(27) Slings
 + Level 24.0 Bows
 + Level 24.0 Crossbows
 O Level 27 Throwing
 O Level 27 Dodging
 O Level 27 Stealth
 + Level 24.0 Shields
 O Level 27 Unarmed Combat
 + Level 22.4 Spellcasting
 + Level 24.0 Conjurations
 + Level 26.0 Hexes
 + Level 25.0 Summonings
 + Level 25.0 Necromancy
 + Level 25.1 Translocations
 + Level 25.0 Transmutations
 + Level 25.0 Fire Magic
 + Level 25.0 Ice Magic
 + Level 25.0 Air Magic
 + Level 25.0 Earth Magic
 O Level 27 Poison Magic
 O Level 27 Invocations
 O Level 27 Evocations


You had 70 spell levels left.
You didn't know any spells.
Your spell library was empty.

Dungeon Overview and Level Annotations

Branches:
Dungeon (1/1)

Altars:
Makhleb


Innate Abilities, Weirdness & Mutations

You cannot wear most types of armour.
You are very stealthy in the water. (Stealth+)
You are amphibious.
You can wear up to eight rings at the same time.
You can use your tentacles to constrict eight enemies at once.
Your skin changes colour to match your surroundings (Stealth+).
Your rubbery body absorbs attacks. (AC +1, EV +1)


Message History

Something smites you!
* * * LOW HITPOINT WARNING * * *
You hear a shout!
The meat berserker hits you with a +9 battleaxe!!!
* * * LOW HITPOINT WARNING * * *
An accursed comes into view.
You hear a shout!
The meat berserker completely misses you.
The dread calls on the powers of darkness!
The meat berserker convulses! x2; Your body is wracked with pain!
* * * LOW HITPOINT WARNING * * *
The bag of meat convulses!
The meat berserker convulses! x3
The bag of meat convulses! x2; The meat berserker convulses!
The bag of meat convulses!
The meat berserker convulses! x2
The bag of meat convulses! x4; The meat berserker convulses!
The bag of meat convulses!
You hear a shout!
A meat berserker comes into view. It is wielding a +9 battleaxe. x2
The meat berserker hits you with a +9 battleaxe!!!!
You die... oo...
Oo #... ..# . #Oo. o.# VM###.V. ..###. .z....###xOz.Oo 2...o_22.2V. #OoOOW#

#_)@W_# #O)O).#
....x.)_oo.2....
.o..O.###o......
.M###... o.###..
o #... O.# .
#O.. ..# O....
.W2 .. ..o.


You could see 2 accurseds, 6 meat beasts, 2 destroyers, 2 sculptors of flesh, 3
dreads, 13 meat berserkers, 13 bags of meat and 2 crawling corpses.

Vanquished Creatures
  Sigmund (D)
  2 royal mummies (D)
  9 vampire knights (D)
  13 ogres (D)
  2 two-headed ogres (D)
  2 liches (D)
  23 orcs (D)
  2 skeletal warriors (D)
  3 large abominations (D)
  2 small abominations (D)
  A crawling corpse (D)
60 creatures vanquished.

Notes
Turn   | Place    | Note
-------+----------+-------------------------------------------
     0 | D        | Found the +∞ Axe of Woe
     0 | D        | Zeld the Octopode Gladiator began the quest for the Orb.
     0 | D        | Reached XP level 1. HP: 14/14 MP: 1/1
     2 | D        | Became a worshipper of Makhleb the Destroyer
     3 | D        | Noticed a bag of meat
     4 | D        | Noticed a bag of meat
     5 | D        | Noticed a meat berserker
    10 | D        | Killed a meat berserker
    10 | D        | Noticed a meat berserker
    11 | D        | Reached XP level 2. HP: 34/34 MP: 2/2
    11 | D        | Reached XP level 3. HP: 39/39 MP: 3/3
    11 | D        | Reached XP level 4. HP: 45/45 MP: 4/4
    11 | D        | Reached XP level 5. HP: 51/51 MP: 5/5
    11 | D        | Reached XP level 6. HP: 57/57 MP: 6/6
    11 | D        | Reached XP level 7. HP: 62/62 MP: 7/7
    11 | D        | Reached XP level 8. HP: 68/68 MP: 8/8
    11 | D        | Reached XP level 9. HP: 73/73 MP: 9/9
    11 | D        | Reached XP level 10. HP: 80/80 MP: 10/10
    11 | D        | Reached XP level 11. HP: 85/85 MP: 11/11
    11 | D        | Reached XP level 12. HP: 91/91 MP: 12/12
    11 | D        | Reached XP level 13. HP: 96/96 MP: 13/13
    11 | D        | Noticed a meat berserker
    12 | D        | Killed a meat berserker
    12 | D        | Reached * piety under Makhleb
    12 | D        | Noticed a bag of meat
    13 | D        | Reached XP level 14. HP: 107/107 MP: 14/14
    13 | D        | Killed a bag of meat
    13 | D        | Noticed a meat berserker
    13 | D        | Noticed a bag of meat
    13 | D        | Noticed a bag of meat
    14 | D        | Reached XP level 15. HP: 114/114 MP: 15/15
    14 | D        | Killed a meat berserker
    15 | D        | Reached skill level 15 in Throwing
    15 | D        | Reached XP level 16. HP: 124/124 MP: 16/16
    15 | D        | Reached ** piety under Makhleb
    15 | D        | Noticed a large bag of meat
    16 | D        | Reached skill level 27 in Dodging
    16 | D        | Reached skill level 27 in Unarmed Combat
    16 | D        | Killed a meat berserker
    16 | D        | Reached *** piety under Makhleb
    16 | D        | Noticed a destroyer
    16 | D        | Noticed a meat berserker
    17 | D        | Reached XP level 17. HP: 133/145 MP: 17/17
    17 | D        | Noticed a meat berserker
    18 | D        | Reached XP level 18. HP: 157/157 MP: 18/18
    18 | D        | Reached **** piety under Makhleb
    19 | D        | Killed a large bag of meat
    20 | D        | Reached skill level 27 in Fighting
    20 | D        | Reached skill level 27 in Axes
    20 | D        | Reached XP level 19. HP: 134/170 MP: 19/19
    21 | D        | Killed a destroyer
    21 | D        | Noticed a destroyer
    22 | D        | Reached skill level 27 in Throwing
    22 | D        | Killed a meat berserker
    22 | D        | Reached ***** piety under Makhleb
    22 | D        | Noticed a large bag of meat
    23 | D        | Reached skill level 5 in Short Blades
    23 | D        | Reached skill level 5 in Long Blades
    23 | D        | Reached skill level 5 in Maces & Flails
    23 | D        | Reached skill level 5 in Polearms
    23 | D        | Reached skill level 5 in Staves
    23 | D        | Reached skill level 5 in Slings
    23 | D        | Reached skill level 5 in Bows
    23 | D        | Reached skill level 5 in Crossbows
    23 | D        | Reached skill level 5 in Shields
    23 | D        | Reached skill level 5 in Spellcasting
    23 | D        | Reached skill level 5 in Conjurations
    23 | D        | Reached skill level 5 in Summonings
    23 | D        | Reached skill level 5 in Necromancy
    23 | D        | Reached skill level 5 in Translocations
    23 | D        | Reached skill level 5 in Transmutations
    23 | D        | Reached skill level 5 in Fire Magic
    23 | D        | Reached skill level 5 in Ice Magic
    23 | D        | Reached skill level 5 in Air Magic
    23 | D        | Reached skill level 5 in Earth Magic
    23 | D        | Reached XP level 20. HP: 120/177 MP: 19/27
    23 | D        | Killed a meat berserker
    23 | D        | Noticed a meat berserker
    24 | D        | Reached skill level 10 in Stealth
    24 | D        | Killed a destroyer
    25 | D        | Reached skill level 10 in Invocations
    25 | D        | Reached skill level 10 in Evocations
    25 | D        | Reached XP level 21. HP: 183/183 MP: 19/33
    26 | D        | Reached skill level 10 in Hexes
    26 | D        | Noticed a destroyer
    26 | D        | Noticed a destroyer
    27 | D        | Killed a large bag of meat
    28 | D        | Reached skill level 10 in Short Blades
    28 | D        | Reached skill level 10 in Long Blades
    28 | D        | Reached skill level 10 in Maces & Flails
    28 | D        | Reached skill level 10 in Polearms
    28 | D        | Reached skill level 10 in Staves
    28 | D        | Reached skill level 10 in Slings
    28 | D        | Reached skill level 10 in Bows
    28 | D        | Reached skill level 10 in Crossbows
    28 | D        | Reached skill level 10 in Shields
    28 | D        | Reached skill level 10 in Conjurations
    28 | D        | Reached skill level 10 in Summonings
    28 | D        | Reached skill level 10 in Necromancy
    28 | D        | Reached skill level 10 in Translocations
    28 | D        | Reached skill level 10 in Transmutations
    28 | D        | Reached skill level 10 in Fire Magic
    28 | D        | Reached skill level 10 in Ice Magic
    28 | D        | Reached skill level 10 in Air Magic
    28 | D        | Reached skill level 10 in Earth Magic
    29 | D        | Noticed a destroyer
    30 | D        | Reached skill level 10 in Spellcasting
    30 | D        | Reached XP level 22. HP: 190/190 MP: 20/36
    30 | D        | Noticed a destroyer
    30 | D        | Reached ****** piety under Makhleb
    31 | D        | Reached skill level 15 in Stealth
    33 | D        | Reached skill level 15 in Poison Magic
    33 | D        | Noticed a destroyer
    34 | D        | Killed a destroyer
    34 | D        | Killed a destroyer
    35 | D        | Reached XP level 23. HP: 197/197 MP: 21/39
    36 | D        | Reached skill level 15 in Hexes
    36 | D        | Killed a destroyer
    37 | D        | Reached skill level 15 in Short Blades
    37 | D        | Reached skill level 15 in Long Blades
    37 | D        | Reached skill level 15 in Maces & Flails
    37 | D        | Reached skill level 15 in Polearms
    37 | D        | Reached skill level 15 in Staves
    37 | D        | Reached skill level 15 in Slings
    37 | D        | Reached skill level 15 in Bows
    37 | D        | Reached skill level 15 in Crossbows
    37 | D        | Reached skill level 15 in Shields
    37 | D        | Reached skill level 15 in Conjurations
    37 | D        | Reached skill level 15 in Summonings
    37 | D        | Reached skill level 15 in Necromancy
    37 | D        | Reached skill level 15 in Translocations
    37 | D        | Reached skill level 15 in Transmutations
    37 | D        | Reached skill level 15 in Fire Magic
    37 | D        | Reached skill level 15 in Ice Magic
    37 | D        | Reached skill level 15 in Air Magic
    37 | D        | Reached skill level 15 in Earth Magic
    37 | D        | Reached XP level 24. HP: 204/204 MP: 21/41
    37 | D        | Noticed a destroyer
    37 | D        | Killed a destroyer
    40 | D        | Reached XP level 25. HP: 210/210 MP: 22/41
    40 | D        | Killed a destroyer
    41 | D        | Reached skill level 15 in Spellcasting
    46 | D        | Killed a destroyer
    46 | D        | Noticed a tyrant
    47 | D        | Reached XP level 26. HP: 217/217 MP: 23/43
    47 | D        | Noticed a tyrant
    50 | D        | Noticed a destroyer
    50 | D        | Noticed an accursed
    52 | D        | Killed a tyrant
    53 | D        | Reached skill level 27 in Invocations
    55 | D        | Noticed The Captor
    55 | D        | Killed a destroyer
    56 | D        | Reached skill level 27 in Stealth
    56 | D        | Reached XP level 27. HP: 224/224 MP: 25/43
    57 | D        | Noticed a dread
    57 | D        | Noticed an accursed
    59 | D        | Killed a tyrant
    62 | D        | Killed an accursed
    63 | D        | Killed The Captor
    63 | D        | Noticed a dread
    63 | D        | Noticed a destroyer
    64 | D        | Reached skill level 27 in Poison Magic
    64 | D        | Reached skill level 27 in Evocations
    64 | D        | Noticed a meat beast
    64 | D        | Noticed a meat beast
    64 | D        | Noticed an accursed
    64 | D        | Noticed a meat beast
    64 | D        | Noticed a destroyer
    64 | D        | Noticed a destroyer
    65 | D        | Killed an accursed
    65 | D        | Noticed a meat beast
    65 | D        | Noticed a meat beast
    66 | D        | Noticed a dread
    66 | D        | Noticed an accursed
    66 | D        | Annihilated by a meat berserker

Illustrated notes

Levels and vault maps discovered:
D:        meatsprint

Skill      XL: |  1  2  3  4  5  6  7  8  9 10 11 12 13 14 15 16 17 18 19 20 21 22 23 24 25 26 27 |
---------------+----------------------------------------------------------------------------------+-----
Fighting       | 11 13 14 16 22 24 27 | 27.0
Throwing       | 11 13 14 15 19 21 24 27 | 27.0
Dodging        | 20 23 24 26 27 | 27.0
Unarmed Combat | 20 23 24 26 27 | 27.0
Axes           | 3 6 18 21 27 | 27.0
Short Blades   | 5 8 10 13 15 16 17 18 25 | 25.0
Long Blades    | 5 8 10 13 15 16 17 18 24 | 24.0
Maces & Flails | 5 8 10 13 15 16 17 18 24 | 24.0
Polearms       | 5 8 10 13 15 16 17 18 24 | 24.0
Staves         | 5 8 10 13 15 16 17 18 24 | 24.0
Slings         | 5 8 10 13 15 16 17 18 24 | 24.0
Bows           | 5 8 10 13 15 16 17 18 24 | 24.0
Crossbows      | 5 8 10 13 15 16 17 18 24 | 24.0
Stealth        | 8 12 14 18 20 21 23 27 | 27.0
Shields        | 5 8 10 13 15 16 17 18 24 | 24.0
Spellcasting   | 5 8 10 12 14 16 22 | 22.4
Conjurations   | 5 8 10 13 15 16 17 18 24 | 24.0
Hexes          | 6 9 12 14 16 17 19 26 | 26.0
Summonings     | 5 8 10 13 15 16 17 18 25 | 25.0
Necromancy     | 5 8 10 13 15 16 17 18 25 | 25.0
Translocations | 5 8 10 13 15 16 17 18 25 | 25.1
Transmutations | 5 8 10 13 15 16 17 18 25 | 25.0
Fire Magic     | 5 8 10 13 15 16 17 18 25 | 25.0
Ice Magic      | 5 8 10 13 15 16 17 18 25 | 25.0
Air Magic      | 5 8 10 13 15 16 17 18 25 | 25.0
Earth Magic    | 5 8 10 13 15 16 17 18 25 | 25.0
Poison Magic   | 7 11 14 17 19 20 22 27 | 27.0
Invocations    | 7 10 13 16 18 20 27 | 27.0
Evocations     | 7 10 13 16 18 20 21 27 | 27.0

Action                   |  1- 3 |  4- 6 |  7- 9 | 10-12 | 13-15 | 16-18 | 19-21 | 22-24 | 25-27 || total
-------------------------+-------+-------+-------+-------+-------+-------+-------+-------+-------++-------
Melee: Executioner's axe |     1 |       |       |       |     3 |     5 |     8 |     9 |    14 ||    40
Invok: Greater Servant o |       |       |       |       |       |       |       |       |     1 ||     1
  Use: Potion            |       |       |       |       |       |       |       |       |     1 ||     1
Dodge: Dodged            |       |       |       |       |       |       |       |       |     2 ||     2
